 Dungeon Crawl Stone Soup version 0.28.0-53-g5a82cb258f (webtiles) character file.

Game seed: 14888638028297580884

82208 DemonSlayer the Thaumaturge (level 15, -9/105 HPs)
             Began as a Demonspawn Fire Elementalist on Aug 5, 2022.
             Was the Champion of Cheibriados.
             Mangled by Rupert
             ... wielding a +5 great sword of flaming
              (24 damage)
             ... on level 15 of the Dungeon.
             The game lasted 01:37:33 (36018 turns).

DemonSlayer the Thaumaturge (DsFE)                 Turns: 36018, Time: 01:37:34

Health: -9/105     AC: 20    Str: 29    XL:     15   Next: 28%
Magic:  11/41      EV: 18    Int: 43    God:    Cheibriados [******]
Gold:   1283       SH:  5    Dex: 23    Spells: 7/41 levels left

rFire   + . .      SeeInvis +   G - +10 long sword of the Saviour {freeze, +Blink Str+2 Int+4}
rCold   + + .      Faith    .   (no shield)
rNeg    . . .      Spirit   .   n - +4 troll leather armour {Pargi}
rPois   .          Reflect  +   r - +2 hat {Will+}
rElec   +          Harm     .   k - scarf {repulsion}
rCorr   .          Rampage  .   y - +2 pair of gloves {ponderous}
Will    ++...                   N - +2 pair of boots of Dithmenos's Delight {Str+3}
Stlth   +++.......              q - amulet of reflection
HPRegen 1.07/turn               M - ring "Upsebbe" {rElec rF+ rC++ Dex-5 SInv}
MPRegen 0.27/turn               x - ring of magical power

@: about to teleport, repel missiles, very slow
A: claws 2, foul stench 1, powered by death 1, sharp scales 3
a: Renounce Religion, Evoke Blink, Bend Time, Temporal Distortion, Slouch, Step
From Time


You were on level 15 of the Dungeon.
You worshipped Cheibriados.
Cheibriados was exalted by your worship.
You visited 4 branches of the dungeon, and saw 24 of its levels.

You collected 2365 gold pieces.
You spent 1082 gold pieces at shops.

Inventory:

Hand Weapons
 G - the +10 long sword of the Saviour (weapon) {freeze, +Blink Str+2 Int+4}
   (You took it off an orc warrior on level 12 of the Dungeon)

   It freezes those it strikes, dealing additional cold damage.
   It can also slow down cold-blooded creatures.
   Str:       It affects your strength (+2).
   Int:       It affects your intelligence (+4).
   +Blink:    It lets you blink.
Missiles
 b - 4 curare-tipped darts
 g - a throwing net
 E - a silver javelin
Armour
 k - a scarf of repulsion (worn)
 n - a +4 troll leather armour (worn) {Pargi}
 r - a +2 hat of willpower (worn)
 y - a +2 pair of gloves of ponderousness (worn)
 N - the +2 pair of boots of Dithmenos's Delight (worn) {Str+3}
   (You found it on level 12 of the Dungeon)

   Str:       It affects your strength (+3).
Magical Staves
 c - a staff of fire
Jewellery
 l - a +4 ring of protection
 q - an amulet of reflection (around neck)
 x - a ring of magical power (right hand)
 z - a ring of protection from cold
 A - a ring of positive energy
 K - a ring of poison resistance
 M - the ring "Upsebbe" (left hand) {rElec rF+ rC++ Dex-5 SInv}
   (You bought it in a shop on level 9 of the Dungeon)

   [ring of protection from fire]

   Dex:       It affects your dexterity (-5).
   rF:        It protects you from fire.
   rC:        It greatly protects you from cold.
   rElec:     It insulates you from electricity.
   SInv:      It lets you see invisible.
Wands
 e - a wand of flame (14)
 f - a wand of paralysis (5)
 h - a wand of iceblast (16)
 o - a wand of acid (11)
 B - a wand of polymorph (12)
Scrolls
 i - 3 scrolls of enchant armour
 m - 4 scrolls of immolation
 p - a scroll of fog
 w - 2 scrolls of holy word
 F - 9 scrolls of identify
 I - a scroll of amnesia
 L - a scroll of magic mapping
 O - a scroll of vulnerability
Potions
 a - 4 potions of flight
 d - 5 potions of curing
 j - 2 potions of berserk rage
 s - 6 potions of attraction
 u - 4 potions of lignification
 v - 3 potions of mutation
 C - 7 potions of brilliance
 D - a potion of degeneration {unknown}
 H - a potion of cancellation
 P - 3 potions of heal wounds
 Q - a potion of invisibility {unknown}
Miscellaneous
 J - a lightning rod (4/4)


   Skills:
 + Level 6.1 Fighting
 + Level 3.0(3.5) Short Blades
 + Level 2.6(3.3) Long Blades
 + Level 4.0(5.8) Axes
 + Level 6.5(7.0) Polearms
 + Level 1.3 Throwing
 + Level 5.4 Armour
 + Level 7.5 Dodging
 + Level 4.8 Stealth
 + Level 5.2 Shields
 + Level 13.5 Spellcasting
 + Level 10.1 Conjurations
 + Level 0.8 Hexes
 + Level 0.6 Summonings
 + Level 1.0 Necromancy
 + Level 1.1 Translocations
 + Level 9.3 Fire Magic
 + Level 8.4 Earth Magic
 + Level 1.4 Evocations


You had 7 spell levels left.
You knew the following spells:

 Your Spells              Type           Power      Damage    Failure   Level
a - Starburst             Conj/Fire      42%        6d12      3%          6
b - Scorch                Fire           100%       2d10      1%          2
c - Conjure Flame         Conj/Fire      85%        6-21      1%          3
d - Stone Arrow           Conj/Erth      100%       3d13      1%          3
e - Flame Wave            Conj/Fire      85%        2d15      1%          4
f - Dazzling Flash        Conj/Hex       100%       N/A       1%          3
g - Iskenderun's Mystic   Conj/Tloc      67%        2d14      1%          4
h - Foxfire               Conj/Fire      100%       2x1d9     1%          1
i - Animate Armour        Summ/Erth      100%       N/A       1%          4
j - Anguish               Hex/Necr       18%        N/A       8%          4

Your spell library contained the following spells:

 Spells                   Type           Power      Damage    Failure   Level
 Ensorcelled Hibernation  Hex/Ice        64%        N/A       1%          2
 Sublimation of Blood     Necr           38%        N/A       1%          2
 Wereblood                Tmut           29%        N/A       1%          2
 Gell's Gravitas          Tloc           39%        N/A       1%          3
 Inner Flame              Hex/Fire       64%        N/A       1%          3
 Teleport Other           Tloc           39%        N/A       1%          3
 Hailstorm                Conj/Ice       64%        3d14      1%          4
 Spider Form              Tmut/Pois      29%        N/A       3%          3
 Ice Form                 Ice/Tmut       29%        N/A       11%         4
 Agony                    Necr           38%        N/A       21%         5
 Excruciating Wounds      Necr           19%        N/A       21%         5
 Summon Forest            Summ/Tloc      18%        N/A       22%         5
 Silence                  Hex/Air        16%        N/A       26%         5
 Dispersal                Tloc           19%        N/A       71%         6
 Simulacrum               Ice/Necr       16%        N/A       80%         6
 Eringya's Noxious Bog    Tmut/Pois      14%        N/A       86%         6
 Summon Hydra             Summ           17%        N/A       100%        7
 Lehudib's Crystal Spear  Conj/Erth      41%        10d10     85%         8
 Maxwell's Capacitive Co  Air            14%        ∞         100%        8


Dungeon Overview and Level Annotations

Branches:
Dungeon (15/15)            Temple (1/1) D:4            Lair (6/6) D:8
  Swamp (0/4) Lair:4       Spider (0/4) Lair:3        Slime (0/5) Lair:6
    Orc (2/2) D:11            Elf (0/3) Orc:2        Vaults (0/5) D:13
 Depths: D:15

Altars:
Ashenzari
Cheibriados
Dithmenos
Elyvilon
Fedhas
Gozag
Hepliaklqana
Kikubaaqudgha
Makhleb
Nemelex Xobeh
Okawaru
Qazlal
Ru
Sif Muna
Trog
Uskayaw
Vehumet
Wu Jian
Xom
Yredelemnul
Zin
The Shining One
Beogh

Shops:
D:9 =   Orc:2 :*![*

Annotations:
D:9 2 transporters, GobsWane's ghost, novice MiBe
D:15 Rupert
Lair:3 3 runed translucent doors, Deesahac's ghost, journeyman BaFi
Lair:5 exclusion: oklob plant


Innate Abilities, Weirdness & Mutations

You have very sharp fingernails.
You may rarely emit foul miasma when damaged in melee.
You regenerate a little health from kills.
You are completely covered in razor-sharp scales. (AC +3, Slay +3)


Message History

You kill the yaktaur!
Cheibriados thoroughly appreciates the change of pace.
The yaktaur shoots a bolt.
The bolt misses you.
The stone arrow hits Rupert!!
Rupert is lightly wounded.
The stone arrow misses Rupert.
The stone arrow hits the yaktaur!
The yaktaur is heavily wounded.
Rupert roars wildly at you.
You easily resist.
The stone arrow hits Rupert!!
Rupert is moderately wounded.
The stone arrow hits Rupert!
Rupert is moderately wounded.
Rupert yells loudly at you.
You easily resist.
Unknown command.
You blink.
The yaktaur shoots a bolt.
The bolt closely misses you.
Rupert is dazzled.
Rupert looks as if he doubts whether you exists.
The yaktaur shoots a bolt.
The bolt barely misses you.
There is an open door here.
You feel stable enough to blink again.
Rupert is no longer blind.
The yaktaur shoots a bolt.
The bolt hits you!
Rupert roars madly and goes into a rage!
Rupert goes berserk!
The yaktaur shoots a bolt.
The bolt closely misses you.
The yaktaur shoots a bolt.
You reflect the bolt off an invisible shield around you!
The bolt hits the yaktaur!
Unknown command.
Rupert hits you with a +5 great sword of flaming!!
Rupert burns you.
Rupert hits you with a +5 great sword of flaming!!!
* * * LOW HITPOINT WARNING * * *
Rupert burns you!
* * * LOW HITPOINT WARNING * * *
Unknown command.
As you read the scroll of teleportation, it crumbles to dust.
You feel strangely unstable.
Rupert hits you with a +5 great sword of flaming!!
You die...

..
...8....##....##
..#......##....#
#........'.....#
...#....#.....#
...#....#.....#
#....#.....#
#######....#
#....# #@)..#
##@### #.c..##
#.....# #.....#
#.....# #.<..##
###'## ...


You could see Rupert (berserk) and a yaktaur.

Vanquished Creatures
  Gastronok (Lair:1)
  Snorg (D:14)
  A yaktaur captain (D:13)
  The ghost of BeingJoeMalik the Devastator, a journeyman TeCj of Hepliaklqana (D:12)
  Fannar (D:10)
  Harold (D:10)
  10 hydras
  Erica (D:9)
  2 two-headed ogres
  A catoblepas (D:14)
  6 centaur warriors
  2 death knights
  3 death yaks (Lair:5)
  5 skeletal warriors
  A fire crab (Lair:6)
  Nergalle (D:9)
  2 deep elf knights (D:15)
  A phantasmal warrior (D:12)
  A deep elf pyromancer (D:15)
  Pikel (D:5)
  3 orc knights
  A deep elf zephyrmancer (D:15)
  A cyclops (D:11)
  3 manticores
  2 ugly things (D:13)
  15 elephants
  Joseph (D:10)
  9 black mambas
  A gargoyle (D:10)
  2 unseen horrors
  Maggie (D:10)
  A rime drake (Lair:1)
  A kobold demonologist (D:13)
  6 cane toads
  A freezing wraith (D:15)
  10 komodo dragons
  4 yaktaurs
  2 efreet
  2 burning bushes (Lair:5)
  2 tengu conjurers (D:12)
  8 polar bears
  7 trolls
  A raiju (shapeshifter) (D:13)
  2 hornets
  11 slime creatures
  19 blink frogs
  5 jumping spiders (Lair:3)
  A culicivora (Lair:3)
  A vampire (D:11)
  Sigmund (D:2)
  3 wraiths
  A wyvern (D:10)
  A yak (shapeshifter) (D:13)
  3 basilisks
  2 steam dragons
  51 yaks
  4 spriggans (Lair:6)
  A redback (Lair:3)
  2 vampire mosquitoes (D:11)
  Menkaure (D:6)
  2 acid dragons
  A warg (Orc:2)
  17 water moccasins
  37 orc warriors
  Pargi (D:3)
  2 ice beasts
  4 black bears
  6 ogres
  16 centaurs
  A necrophage (D:2)
  A lemure (D:5)
  17 wolves
  3 phantoms
  2 kobold brigands
  Blork the orc (D:6)
  14 bullfrogs
  A gnoll sergeant (D:5)
  A scorpion (D:6)
  22 killer bees
  6 wights
  3 electric eels
  2 howler monkeys (D:13)
  7 centaur zombies
  23 orc priests
  3 centaur skeletons
  Crazy Yiuf (D:6)
  3 jellies
  A bullfrog skeleton (D:4)
  5 iguanas
  25 orc wizards
  7 hell rats (Lair:4)
  2 hound skeletons (D:4)
  A howler monkey zombie (D:8)
  7 gnolls
  4 adders
  2 white imps
  An ufetubus (D:5)
  A worm (D:3)
  3 dart slugs
  81 orcs
  5 ball pythons
  7 bats
  11 endoplasms
  4 giant cockroaches
  3 goblins
  11 hobgoblins
  6 jackals
  21 kobolds
  2 quokkas
  7 frilled lizards
  4 rats
654 creatures vanquished.

Vanquished Creatures (collateral kills)
  An orc knight (Orc:2)
  A centaur simulacrum (D:14)
  2 yaks
  An orc warrior (Orc:2)
  An orc (Orc:2)
  18 foxfires
24 creatures vanquished.

Vanquished Creatures (others)
  An orc warrior (Orc:2)
  A centaur (D:13)
  2 orcs (Orc:2)
  568 foxfires
  51 fungi
  121 plants
744 creatures vanquished.

Grand Total: 1422 creatures vanquished

Notes
Turn   | Place    | Note
-------+----------+-------------------------------------------
     0 | D:1      | DemonSlayer the Demonspawn Fire Elementalist began the
                  | quest for the Orb.
     0 | D:1      | Reached XP level 1. HP: 13/13 MP: 3/3
   241 | D:1      | Gained mutation: You are partially covered in razor-sharp
                  | scales. (AC +1, Slay +1) [demonic ancestry]
   241 | D:1      | Reached XP level 2. HP: 19/19 MP: 0/5
   244 | D:1      | Learned a level 2 spell: Scorch
   750 | D:1      | Reached XP level 3. HP: 24/24 MP: 1/6
  1186 | D:1      | Learned a level 3 spell: Conjure Flame
  1229 | D:2      | Noticed a necrophage
  1235 | D:2      | Killed a necrophage
  1236 | D:2      | Reached skill level 3 in Spellcasting
  1236 | D:2      | Gained mutation: You are mostly covered in razor-sharp
                  | scales. (AC +2, Slay +2) [demonic ancestry]
  1236 | D:2      | Reached XP level 4. HP: 30/30 MP: 0/8
  1775 | D:2      | Noticed Sigmund
  1781 | D:2      | Killed Sigmund
  1782 | D:2      | Reached skill level 4 in Spellcasting
  1782 | D:2      | Gained mutation: You may rarely emit foul miasma when
                  | damaged in melee. [demonic ancestry]
  1782 | D:2      | Reached XP level 5. HP: 35/35 MP: 4/11
  1782 | D:2      | Reached XP level 6. HP: 41/41 MP: 4/12
  1960 | D:2      | Found a shadowy altar of Dithmenos.
  2636 | D:2      | Learned a level 3 spell: Stone Arrow
  2641 | D:2      | Learned a level 4 spell: Flame Wave
  2661 | D:3      | Found a faded altar of an unknown god.
  2673 | D:3      | Found an iron altar of Okawaru.
  2715 | D:3      | Found an ornate altar of the Wu Jian Council.
  2772 | D:3      | Found a shimmering altar of Xom.
  3092 | D:3      | Found an opulent altar of Gozag.
  3325 | D:3      | Noticed Pargi
  3330 | D:3      | Killed Pargi
  4099 | D:4      | Found a staircase to the Ecumenical Temple.
  4213 | Temple   | Entered the Ecumenical Temple
  4555 | D:4      | Reached XP level 7. HP: 46/46 MP: 5/14
  4558 | D:4      | Reached skill level 5 in Spellcasting
  4833 | D:4      | Found a sacrificial altar of Ru.
  5066 | D:4      | Reached skill level 5 in Fire Magic
  5547 | D:4      | Learned a level 3 spell: Dazzling Flash
  5561 | D:5      | Entered Level 5 of the Dungeon
  5699 | D:5      | Reached XP level 8. HP: 53/53 MP: 7/16
  5810 | D:5      | Reached skill level 6 in Spellcasting
  6341 | D:5      | Noticed Pikel
  6372 | D:5      | Killed Pikel
  6373 | D:5      | Reached skill level 1 in Axes
  6373 | D:5      | Reached skill level 1 in Armour
  6373 | D:5      | Reached skill level 7 in Spellcasting
  6890 | D:5      | Got Acute's Papyrus of Ghastly Air
  7044 | D:5      | Gained mutation: You have sharp fingernails. [demonic
                  | ancestry]
  7044 | D:5      | Reached XP level 9. HP: 58/58 MP: 10/20
  7458 | D:5      | Learned a level 4 spell: Iskenderun's Mystic Blast
  7679 | D:6      | Noticed Blork the orc
  7686 | D:6      | Killed Blork the orc
  7999 | D:6      | Found a runed translucent door.
  8000 | D:6      | Noticed Crazy Yiuf
  8066 | D:6      | Reached skill level 8 in Spellcasting
  8358 | D:6      | Noticed Menkaure
  8363 | D:6      | Killed Menkaure
  8775 | D:6      | Killed Crazy Yiuf
  9371 | D:7      | Reached skill level 1 in Earth Magic
  9698 | D:7      | Found a radiant altar of Vehumet.
 10169 | D:8      | Gained mutation: You regenerate a little health from kills.
                  | [demonic ancestry]
 10169 | D:8      | Reached XP level 10. HP: 49/64 MP: 3/22
 10294 | D:8      | Reached skill level 1 in Fighting
 10432 | D:8      | Learned a level 6 spell: Starburst
 10456 | D:8      | Found a stormy altar of Qazlal.
 10579 | D:8      | Found a staircase to the Lair.
 10860 | D:8      | Found a broken altar of Ashenzari.
 10866 | D:8      | Found a shadowy altar of Dithmenos.
 10871 | D:8      | Found a snail-covered altar of Cheibriados.
 10879 | D:8      | Became a worshipper of Cheibriados the Contemplative
 10936 | D:8      | Reached skill level 5 in Conjurations
 11232 | D:8      | Reached skill level 9 in Spellcasting
 11437 | D:8      | Found a sparkling altar of Nemelex Xobeh.
 11738 | Lair:1   | Entered Level 1 of the Lair of Beasts
 11741 | Lair:1   | Noticed a black mamba
 11753 | Lair:1   | Killed a black mamba
 11760 | Lair:1   | Reached * piety under Cheibriados
 11903 | Lair:1   | Reached skill level 1 in Shields
 11927 | Lair:1   | Noticed a black mamba
 11985 | Lair:1   | Killed a black mamba
 12325 | Lair:1   | Noticed Gastronok
 12342 | Lair:1   | Killed Gastronok
 12343 | Lair:1   | Reached XP level 11. HP: 51/74 MP: 1/24
 12527 | Lair:1   | Noticed an eight-headed hydra
 12532 | Lair:1   | Killed an eight-headed hydra
 12535 | Lair:1   | Learned a level 1 spell: Foxfire
 12622 | Lair:1   | Reached skill level 1 in Evocations
 12974 | Lair:1   | Noticed a six-headed hydra
 12995 | Lair:1   | Killed a six-headed hydra
 12996 | Lair:1   | Reached skill level 10 in Spellcasting
 13408 | Lair:1   | Learned a level 4 spell: Animate Armour
 13890 | Lair:2   | Noticed an eight-headed hydra
 13899 | Lair:2   | Killed an eight-headed hydra
 13959 | Lair:2   | Noticed a four-headed hydra
 13963 | Lair:2   | Killed a four-headed hydra
 14008 | Lair:2   | Reached ** piety under Cheibriados
 14196 | Lair:2   | Reached skill level 1 in Polearms
 14684 | Lair:3   | Noticed a four-headed hydra
 14688 | Lair:3   | Killed a four-headed hydra
 14786 | Lair:3   | Noticed a four-headed hydra
 14796 | Lair:3   | Killed a five-headed hydra
 14797 | Lair:3   | Reached XP level 12. HP: 80/83 MP: 3/26
 15355 | Lair:3   | Reached skill level 5 in Dodging
 15368 | Lair:3   | Reached *** piety under Cheibriados
 15800 | Lair:3   | Found a runed translucent gate.
 15800 | Lair:3   | Found a runed translucent gate.
 15800 | Lair:3   | Found a runed translucent gate.
 15800 | Lair:3   | Noticed Deesahac's ghost (journeyman BaFi)
 16001 | Lair:3   | Identified the +1 scale mail of Torghijoe {rF+}
 16016 | Lair:3   | Found a hole to the Spider Nest.
 16182 | Lair:3   | Reached skill level 5 in Earth Magic
 16770 | Lair:2   | Reached skill level 11 in Spellcasting
 16830 | Lair:2   | Reached **** piety under Cheibriados
 17351 | Lair:2   | Noticed a five-headed hydra
 17356 | Lair:2   | Killed a five-headed hydra
 17678 | D:9      | Reached skill level 5 in Polearms
 18349 | D:9      | Noticed GobsWane's ghost (novice MiBe)
 18358 | D:9      | Noticed a fire dragon
 18377 | D:9      | Reached ***** piety under Cheibriados
 18507 | D:9      | Found a transporter.
 18522 | D:9      | Found a transporter.
 18899 | D:9      | Noticed a two-headed ogre
 18905 | D:9      | Killed a two-headed ogre
 18943 | D:9      | Noticed Erica
 18950 | D:9      | Killed Erica
 19087 | D:9      | Found Witavom's Jewellery Boutique.
 19097 | D:9      | Bought the ring "Upsebbe" {rElec rF+ rC++ Dex-5 SInv} for
                  | 602 gold pieces
 19202 | D:10     | Entered Level 10 of the Dungeon
 19342 | D:10     | Noticed Maggie
 19345 | D:10     | Killed Maggie
 19406 | D:10     | Noticed Nergalle
 19434 | D:10     | HP: 2/71 [Nergalle/bolt of negative energy (49)]
 19795 | D:9      | Killed Nergalle
 20129 | D:10     | Noticed Joseph
 20135 | D:10     | Killed Joseph
 20184 | D:10     | Noticed Fannar
 20194 | D:10     | Killed Fannar
 20195 | D:10     | Reached XP level 13. HP: 57/70 MP: 0/28
 20369 | D:10     | Noticed Harold
 20376 | D:10     | Killed Harold
 20522 | D:10     | Found a hazy altar of Hepliaklqana.
 20817 | D:9      | Bought a ring of magical power for 240 gold pieces
 21334 | D:11     | Found a staircase to the Orcish Mines.
 22200 | D:11     | Reached ****** piety under Cheibriados
 22897 | D:11     | Learned a level 4 spell: Anguish
 23608 | Lair:4   | Reached skill level 12 in Spellcasting
 24291 | Lair:4   | Found a staircase to the Swamp.
 24794 | Lair:5   | Reached skill level 5 in Fighting
 26058 | Lair:5   | Identified the +0 war axe of the Brain {antimagic, rC+
                  | SInv}
 26308 | Lair:6   | Entered Level 6 of the Lair of Beasts
 26398 | Lair:6   | Gained mutation: You have very sharp fingernails. [demonic
                  | ancestry]
 26398 | Lair:6   | Reached XP level 14. HP: 76/98 MP: 6/30
 26405 | Lair:6   | Reached skill level 5 in Armour
 26791 | Lair:6   | Reached skill level 1 in Throwing
 27059 | Lair:6   | Identified the +3 rapier "Pawyl" {venom, rPois rC+}
 27278 | Lair:6   | Reached skill level 1 in Short Blades
 27603 | Lair:6   | Found a staircase to the Slime Pits.
 27636 | Lair:6   | Reached skill level 1 in Translocations
 28407 | Orc:1    | Entered Level 1 of the Orcish Mines
 28472 | Orc:2    | Entered Level 2 of the Orcish Mines
 29643 | Orc:2    | Reached skill level 1 in Necromancy
 30050 | Orc:2    | Found Usot's General Store.
 30050 | Orc:2    | Found Viomiel's Distillery.
 30052 | Orc:2    | Found Viun's Armour Shop.
 30054 | Orc:2    | Found Ysegaty's Book Emporium.
 30058 | Orc:2    | Bought a scarf of repulsion for 120 gold pieces
 30082 | Orc:2    | Bought a potion of berserk rage for 60 gold pieces
 30082 | Orc:2    | Bought a potion of heal wounds for 60 gold pieces
 30253 | Orc:2    | Found Sikoemy's Overcharged Wands.
 30365 | Orc:2    | Found a staircase to the Elven Halls.
 31759 | D:12     | Found a runed translucent gate.
 31759 | D:12     | Found a runed translucent gate.
 31759 | D:12     | Found a runed translucent gate.
 31763 | D:12     | Noticed BeingJoeMalik's ghost (journeyman TeCj)
 31775 | D:12     | Identified the +10 long sword of the Saviour {freeze,
                  | +Blink Str+2 Int+4}
 31978 | D:12     | Reached skill level 13 in Spellcasting
 32827 | D:12     | Killed BeingJoeMalik's ghost
 33003 | D:12     | Identified the +2 pair of boots of Dithmenos's Delight
                  | {Str+3}
 33771 | D:13     | Reached skill level 1 in Long Blades
 33827 | D:13     | Found a gate to the Vaults.
 33852 | D:13     | Reached skill level 5 in Shields
 34265 | D:13     | Gained mutation: You are completely covered in razor-sharp
                  | scales. (AC +3, Slay +3) [demonic ancestry]
 34265 | D:13     | Reached XP level 15. HP: 93/105 MP: 32/32
 35451 | D:14     | Noticed Snorg
 35458 | D:14     | Killed Snorg
 35668 | D:15     | Entered Level 15 of the Dungeon
 35677 | D:15     | Reached skill level 10 in Conjurations
 36005 | D:15     | Noticed Rupert
 36018 | D:15     | Mangled by Rupert

Illustrated notes

Levels and vault maps discovered:
D:1:      minmay_arrival_checkered_box, layout_basic, minmay_tall_x
D:2:      layout_loops_cross, basic_altar, minmay_divided_ellipse, uniq_sigmund
D:3:      layout_loops_ring, lemuel_coloured_pillars_altar,
          mainiacjoe_overflow_small_starburst, grunt_temple_overflow_open,
          basic_ecumenical_altar, uniq_pargi
D:4:      layout_loops_ring, nicolae_ru_awakened_eye, temple_statues,
          kennysheep_generic_room_7
D:5:      layout_basic, palyth_stone_intersect, st_stairs_7, lightli_minifort,
          uniq_pikel
D:6:      layout_loops_corners, uniq_blork_the_orc, uniq_menkaure,
          uniq_crazy_yiuf_cottage
D:7:      layout_gridville, fiery_altar_vehumet
D:8:      layout_basic, amcnicky_altar_gilded, minmay_overflow_temple_star_quad,
          nemelex_altar_shiori, dpeg_oklobed_lair
D:9:      layout_loops_ring, gammafunk_ghost_berserking_beasts,
          kennysheep_small_square, uniq_erica
D:10:     layout_rooms, mainiacjoe_overflow_tiny_flanked, uniq_joseph,
          uniq_harold, uniq_maggie, uniq_nergalle, uniq_fannar
D:11:     layout_roguey, minmay_orc_entry_temple_small
D:12:     nicolae_cairo_tiling, layout_loops_ring, biasface_ghost_orc_armoury,
          serial_bayou, serial_bayou_pond_d, serial_bayou_crossing,
          serial_bayou_lagoon_a
D:13:     layout_rooms, david_vaults_2
D:14:     layout_loops_corners, kennysheep_big_empty_room, uniq_snorg
D:15:     hangedman_depths_entry_civil_slaughter, layout_stronghold,
          minmay_misc_feat_four_crosses, uniq_rupert
Temple:   nicolae_temple_figure_zero
Lair:1:   layout_cave_pods, grunt_megastairs_1, uniq_gastronok
Lair:2:   layout_long_grid, grunt_megastairs_5
Lair:3:   layout_cellular_growth, nicolae_spider_entry_tight_spaces,
          ebering_ghost_rock_garden, dreamdust_deal_with_the_devil,
          infiniplex_staircase_pool, lemuel_fruit_fields
Lair:4:   layout_cave_pods, swamp_mist_pool, minmay_holes
Lair:5:   layout_regular_city, basic_altar, chequers_serial_rivers_room_a,
          evilmike_ambush [evilmike_ambush_outer_basic,
          evilmike_ambush_inner_pond], serial_bayou_shore_a
Lair:6:   minmay_lair_end_enchanted_forest, layout_gridlike,
          minmay_slime_entry_pillars, cheibrodos_lair_lostbears,
          lemuel_fruit_fields
Orc:1:    layout_caves
Orc:2:    st_orc_rangers, layout_diamond_mine, nicolae_shop_overcharged_wands

Skill      XL: |  1  2  3  4  5  6  7  8  9 10 11 12 13 14 15 |
---------------+----------------------------------------------+-----
Fire Magic     | 3 4 5 6 7 8 9 |  9.3
Dodging        | 2 3 4 5 6 7 |  7.5
Stealth        | 2 3 4 |  4.8
Spellcasting   | 3 4 5 7 8 9 10 11 12 13 | 13.5
Conjurations   | 2 3 4 5 6 7 8 9 10 | 10.1
Axes           | 1 3 4 |  4.0
Armour         | 2 3 4 5 |  5.4
Earth Magic    | 2 3 4 5 6 7 8 |  8.4
Fighting       | 2 4 5 6 |  6.1
Shields        | 1 2 3 4 5 |  5.2
Evocations     | 1 |  1.4
Polearms       | 2 5 6 |  6.5
Throwing       | 1 |  1.3
Short Blades   | 3 |  3.0
Translocations | 1 |  1.1
Necromancy     | 1 |  1.0
Long Blades    | 1 2 |  2.6
Hexes          | |  0.8
Summonings     | |  0.6

Action                   |  1- 3 |  4- 6 |  7- 9 | 10-12 | 13-15 || total
-------------------------+-------+-------+-------+-------+-------++-------
Melee: Dagger            |     7 |     3 |       |       |       ||    10
       Hand axe          |       |       |    48 |     2 |       ||    50
       Punch             |       |       |     1 |       |     6 ||     7
       Battleaxe         |       |       |       |    64 |       ||    64
       Halberd           |       |       |       |   178 |   113 ||   291
       Rapier            |       |       |       |       |   147 ||   147
       Long sword        |       |       |       |       |    81 ||    81
Throw: Dart              |       |       |       |     7 |    19 ||    26
       Javelin           |       |       |       |     3 |       ||     3
       Throwing net      |       |       |       |     1 |     2 ||     3
 Cast: Foxfire           |    61 |    81 |       |    72 |   134 ||   348
       Scorch            |       |    46 |   113 |    57 |    47 ||   263
       Stone Arrow       |       |       |    46 |   237 |   521 ||   804
       Conjure Flame     |       |       |     1 |     2 |     5 ||     8
       Iskenderun's Myst |       |       |       |    10 |    21 ||    31
       Dazzling Flash    |       |       |       |     3 |     7 ||    10
       Animate Armour    |       |       |       |     1 |     7 ||     8
       Flame Wave        |       |       |       |     1 |     6 ||     7
       Anguish           |       |       |       |       |    15 ||    15
 Abil: Evoke Blink       |       |       |       |       |     1 ||     1
Evoke: Wand              |       |     2 |     2 |     9 |       ||    13
  Use: Scroll            |       |     5 |     2 |    25 |    11 ||    43
       Potion            |       |       |     1 |     8 |     2 ||    11
 Stab: Sleeping          |       |     1 |       |     2 |     5 ||     8
       Distracted        |       |       |       |     2 |     1 ||     3
Armor: Robe              |     3 |     2 |       |       |       ||     5
       Troll leather arm |       |     1 |    52 |   310 |   391 ||   754
       Skin              |       |       |     7 |    46 |       ||    53
Dodge: Dodged            |     7 |    11 |    65 |   419 |   848 ||  1350
       Repelled          |       |       |       |       |     4 ||     4
Block: Other             |       |       |     4 |   163 |   248 ||   415
       Reflection        |       |       |       |     3 |    37 ||    40
